 Dungeon Crawl Stone Soup version 0.17.0-28-g6e173f8 (webtiles) character file.

79 lucasterio the Ruffian (level 4, 0/36 HPs)
             Began as a Draconian Transmuter on Nov 25, 2015.
             Slain by Crazy Yiuf
             ... wielding a +2 quarterstaff of chaos
              (2 damage)
             ... on level 2 of the Dungeon.
             The game lasted 00:07:22 (1867 turns).

lucasterio the Ruffian (Draconian Transmuter)       Turns: 1867, Time: 00:07:22

Health: 0/36       AC:  7    Str: 13    XL:     4   Next: 17%
Magic:  3/7        EV: 12    Int: 13    God:
Gold:   203        SH:  0    Dex: 12    Spells: 2 memorised, 5 levels left

rFire  . . .     SeeInvis .       - Unarmed
rCold  . . .     Clarity  .     (armour unavailable)
rNeg   . . .     SustAt   .     (no shield)
rPois  .         Gourm    .     (helmet restricted)
rElec  .         Spirit   .     e - +0 cloak
rCorr  .         Warding  .     (no gloves)
rMut   .         Stasis   .     i - +0 pair of boots
MR     .....                    (no amulet)
Stlth  +.........               (no ring)
                                (no ring)

@: lethally poisoned (0 -> -7), appendage (expiring), very slightly
contaminated, not resistant to hostile enchantments, very unstealthy
A: unfitting armour, horns 2, cold-blooded, AC +5
a: End Transformation


You were on level 2 of the Dungeon.
You were hungry.
You had grown temporary horns.
You visited 1 branch of the dungeon, and saw 2 of its levels.

You collected 203 gold pieces.

Inventory:

Hand Weapons
 r - a +0 hunting sling of flaming
Missiles
 a - 70 arrows
Armour
 e - a +0 cloak (worn)
 i - a +0 pair of boots (worn)
Scrolls
 d - 3 scrolls of identify {unknown}
 f - a scroll of remove curse {unknown}
 m - a scroll of magic mapping {unknown}
 q - a scroll of noise {unknown}
Potions
 g - a potion of agility {unknown}
 k - a potion of invisibility {unknown}
 l - a potion of lignification {unknown}
 n - a potion of magic {unknown}
 p - a potion of resistance {unknown}
 s - a potion of cure mutation {unknown}
Books
 b - a book of Changes

   Spells                             Type                      Level
   a - Beastly Appendage              Transmutation                1
   b - Sticks to Snakes               Transmutation                2
   c - Spider Form                    Transmutation/Poison         3
   d - Ice Form                       Ice/Transmutation            4
   e - Blade Hands                    Transmutation                5
Comestibles
 c - a bread ration
 h - 3 beef jerkies
 j - a chunk of flesh
 o - a meat ration


   Skills:
 + Level 2.2 Fighting
 + Level 2.3 Dodging
 + Level 3.3 Unarmed Combat
 + Level 2.5 Spellcasting
 + Level 2.7 Transmutations


You had 5 spell levels left.
You knew the following spells:

 Your Spells              Type           Power        Failure   Level  Hunger
a - Beastly Appendage     Trmt           #.....       10%         1    #......
b - Sticks to Snakes      Trmt           #.........   14%         2    ###....


Dungeon Overview and Level Annotations

Branches:
Dungeon (2/15)

Altars:
Okawaru
The Shining One

Annotations:
D:2 Crazy Yiuf


Innate Abilities, Weirdness & Mutations

Your plain brown scales are hard (AC +5).
Your body does not fit into most forms of armour.
You are cold-blooded and may be slowed by cold attacks.
You have a pair of horns on your head.


Message History

You feel sick.
You hit Crazy Yiuf.
Crazy Yiuf is severely wounded.
Crazy Yiuf hits you but does no damage.
You completely miss Crazy Yiuf.
Your tail-slap misses Crazy Yiuf.
Crazy Yiuf is severely wounded.
You feel sick. Crazy Yiuf hits you but does no damage.
You hit Crazy Yiuf. You tail-slap Crazy Yiuf.
Crazy Yiuf is almost dead.
You feel sick.
Crazy Yiuf says, "Gum broken arga!"
Crazy Yiuf hits you with a quarterstaff of chaos.
You are electrocuted!
* * * LOW HITPOINT WARNING * * *
You hit Crazy Yiuf but do no damage.
Crazy Yiuf is almost dead.
* * * LOW HITPOINT WARNING * * *
You feel sick.
Crazy Yiuf hits you with a quarterstaff of chaos.
You die...

......###########.....#.........#
......###.......S..####.........#
........############ ##......))#
#####...# #........# #####...#
#........# ....#...# ###
###########.. ^...#...# #)..##
##.......# ##. ....#...#
#....g####.#......# #. ....#####
#@.#.........##### ....#
###.#...........## )...#
#######....##.## ....# #....##...
....####################....##.##
.......#...#................##...
...................####+######.##
...................# #.######.##
...................####..........


You could see Crazy Yiuf.

Vanquished Creatures
  3 adders (D:2)
  2 giant geckos (D:1)
  2 ball pythons (D:1)
  11 bats
  5 giant cockroaches
  5 goblins
  9 hobgoblins
  A giant newt (D:1)
  3 kobolds
  4 rats
45 creatures vanquished.

Vanquished Creatures (collateral kills)
  A worm (D:2)
1 creature vanquished.

Grand Total: 46 creatures vanquished

Notes
Turn   | Place    | Note
--------------------------------------------------------------
     0 | D:1      | lucasterio the Draconian Transmuter began the quest for the Orb.
     0 | D:1      | Reached XP level 1. HP: 16/16 MP: 3/3
    97 | D:1      | Reached XP level 2. HP: 5/23 MP: 3/5
   814 | D:1      | Reached XP level 3. HP: 13/29 MP: 6/6
  1091 | D:1      | Found a glowing golden altar of the Shining One.
  1272 | D:2      | Learned a level 2 spell: Sticks to Snakes
  1339 | D:2      | Found an iron altar of Okawaru.
  1777 | D:2      | Reached XP level 4. HP: 32/36 MP: 7/7
  1850 | D:2      | Noticed Crazy Yiuf
  1867 | D:2      | Slain by Crazy Yiuf

Action                   |  1- 3 |  4- 6 || total
-------------------------+-------+-------++-------
Melee: Unarmed           |   195 |    17 ||   212
 Cast: Beastly Appendage |     4 |     1 ||     5
       Sticks to Snakes  |     1 |     1 ||     2
  Eat: Chunk             |     3 |       ||     3
